 Dungeon Crawl Stone Soup version 0.28.0-45-g0d030f2227 (webtiles) character file.

Game seed: 6715724242965108553

377 NinjaNoafa the Skirmisher (level 6, 0/57 HPs)
             Began as a Minotaur Berserker on Apr 15, 2022.
             Was a Priest of Trog.
             Slain by Pikel
             ... wielding a +2 whip of electrocution
              (11 damage)
             ... on level 4 of the Dungeon.
             The game lasted 00:05:06 (3013 turns).

NinjaNoafa the Skirmisher (Minotaur Berserker)      Turns: 3013, Time: 00:05:06

Health: 0/57       AC: 13    Str: 23    XL:     6   Next: 45%
Magic:  5/5        EV:  7    Int:  4    God:    Trog [***...]
Gold:   168        SH:  5    Dex: 10    Spells: 5/5 levels left

rFire   . . .      SeeInvis .   k - +0 war axe
rCold   . . .      Faith    .   n - orb {*Rage}
rNeg    . . .      Spirit   .   g - +0 plate armour
rPois   .          Reflect  +   (helmet restricted)
rElec   .          Harm     .   c - +0 cloak
rCorr   .          Rampage  .   (no gloves)
Will    .....      Rage     20% (no boots)
Stlth   ..........              e - amulet of reflection
HPRegen 0.19/turn               (no ring)
MPRegen 0.09/turn               (no ring)

@: on berserk cooldown
A: horns 2, retaliatory headbutt
a: Renounce Religion, Berserk, Trog's Hand


You were on level 4 of the Dungeon.
You worshipped Trog.
Trog was most pleased with you.
You visited 1 branch of the dungeon, and saw 4 of its levels.

You collected 168 gold pieces.

Inventory:

Hand Weapons
 a - a +0 hand axe
 k - a +0 war axe (weapon)
Missiles
 j - 99 stones (quivered)
Armour
 b - a +0 animal skin
 c - a +0 cloak (worn)
 g - a +0 plate armour (worn)
 h - a +0 ring mail
 n - an orb of wrath (worn)
Jewellery
 e - an amulet of reflection (around neck)
Wands
 o - a wand of iceblast (4)
Scrolls
 d - 2 scrolls of noise {unknown}
 i - a scroll of immolation {unknown}
 m - 2 scrolls of fear {unknown}
 q - a scroll of amnesia {unknown}
 r - a scroll of identify
Potions
 f - 2 potions of curing


   Skills:
 + Level 6.3 Fighting
 - Level 5.0 Axes
 + Level 5.6 Armour
 - Level 2.1 Dodging


You had 5 spell levels left.
You didn't know any spells.
Your spell library was empty.

Dungeon Overview and Level Annotations

Branches:
Dungeon (4/15)
 Temple: D:4-7

Altars:
Fedhas
Okawaru

Annotations:
D:4 Pikel


Innate Abilities, Weirdness & Mutations

You have a pair of horns on your head.
You reflexively headbutt those who attack you in melee.


Message History

The lemure hits you.
You hit the lemure.
You kill the lemure!
That felt strangely unrewarding.
You feel a strong urge to attack something.
You are no longer berserk.
You are exhausted.
You feel yourself slow down.
Found a club and 10 gold pieces.
Pikel, Merchant of Souls comes into view.
He is wielding a +2 whip of electrocution and carrying a wand of iceblast (12).
Pikel shouts!
Pikel zaps a wand.
The mass of ice explodes!
The iceblast engulfs you!
You barely miss Pikel. Your headbutt misses Pikel.
Pikel hits you with a +2 whip of electrocution.
You are electrocuted!
Pikel hits you but does no damage.
You feel better. Pikel barely misses you.
It was a potion of attraction.
You feel attractive to monsters.
Pikel hits you with a +2 whip of electrocution!
Pikel completely misses you.
It was a potion of flight.
You feel very buoyant.
You fly up into the air.
You block Pikel's attack.
You feel better. Pikel barely misses you.
A hobgoblin comes into view.
Pikel hits you but does no damage. The hobgoblin is attracted toward you.
It was a potion of cancellation.
Your magical effects are unravelling.
You feel magically purged.
You feel yourself speed up.
You float gracefully downwards.
The hobgoblin shouts!
Pikel closely misses you.
You feel less attractive to monsters.
You slash Pikel!
Pikel is moderately wounded.
Pikel hits you with a +2 whip of electrocution.
You are electrocuted!
* * * LOW HITPOINT WARNING * * *
Pikel hits you with a +2 whip of electrocution!
You die...

#<# #.# #.#
########.##
#.........#
##.########
#.# #.# #@#
#K# #g# #.#
#.# ยง.#
###


You could see Pikel and a hobgoblin.

Vanquished Creatures
  4 lemures (D:4)
  2 scorpions (D:3)
  8 adders
  9 gnolls
  A worm (D:2)
  3 dart slugs
  An orc (D:3)
  9 ball pythons
  8 bats
  9 endoplasms
  3 giant cockroaches
  11 goblins
  11 hobgoblins
  3 jackals (D:2)
  7 kobolds
  3 quokkas
  2 frilled lizards (D:1)
  3 rats
97 creatures vanquished.

Notes
Turn   | Place    | Note
-------+----------+-------------------------------------------
     0 | D:1      | NinjaNoafa the Minotaur Berserker began the quest for the
                  | Orb.
     0 | D:1      | Reached XP level 1. HP: 19/19 MP: 0/0
   108 | D:1      | Reached XP level 2. HP: 25/27 MP: 1/1
   205 | D:1      | Reached skill level 4 in Fighting
   255 | D:1      | Reached XP level 3. HP: 20/33 MP: 2/2
   442 | D:1      | Reached ** piety under Trog
  1244 | D:2      | Reached XP level 4. HP: 35/41 MP: 3/3
  1608 | D:2      | Reached skill level 5 in Fighting
  1611 | D:2      | Reached skill level 5 in Axes
  1611 | D:2      | Reached XP level 5. HP: 46/48 MP: 4/4
  2184 | D:3      | Found an iron altar of Okawaru.
  2298 | D:3      | Found a blossoming altar of Fedhas.
  2331 | D:3      | Reached *** piety under Trog
  2421 | D:3      | Reached skill level 5 in Armour
  2421 | D:3      | Reached XP level 6. HP: 57/57 MP: 5/5
  2545 | D:3      | Reached skill level 6 in Fighting
  2843 | D:3      | Found a faded altar of an unknown god.
  3004 | D:4      | Noticed Pikel
  3013 | D:4      | Slain by Pikel

Illustrated notes

Levels and vault maps discovered:
D:1:      kennysheep_arrival_forest, layout_rooms
D:2:      layout_basic, minmay_pentomino_pile
D:3:      minmay_bubble_buster, layout_basic, okawaru_trees_1, fedhas_altar_4,
          nicolae_ecumenical_snake_handling
D:4:      old_forge, layout_basic, uniq_pikel

Skill      XL: |  1  2  3  4  5  6 |
---------------+-------------------+-----
Fighting       | 4 5 6 |  6.3
Axes           | 4 5 |  5.0
Armour         | 3 4 5 |  5.6
Dodging        | |  2.1

Action                   |  1- 3 |  4- 6 || total
-------------------------+-------+-------++-------
Melee: Hand axe          |    56 |       ||    56
       Headbutt          |     9 |    18 ||    27
       Punch             |     1 |       ||     1
       War axe           |    25 |   158 ||   183
  Use: Scroll            |     3 |       ||     3
       Potion            |     1 |     5 ||     6
Armor: Animal skin       |    16 |       ||    16
       Ring mail         |    13 |       ||    13
       Plate armour      |     5 |   102 ||   107
Dodge: Dodged            |    52 |    72 ||   124
Block: Other             |    20 |    16 ||    36
       Orb               |       |    24 ||    24
